 Dungeon Crawl Stone Soup version 0.27.0-1-g7a089689b8 (webtiles) character file.

Game seed: 18361753534162659075

263 MajorAdolf the Sneak (level 6, -5/51 HPs)
             Began as a Naga Wanderer on Aug 4, 2021.
             Slain by a kobold brigand (8 damage)
             ... in a sewer.
             The game lasted 00:07:33 (4508 turns).

MajorAdolf the Sneak (Naga Wanderer)                Turns: 4508, Time: 00:07:34

Health: -5/51      AC:  4    Str: 16    XL:     6   Next: 19%
Magic:  10/10      EV:  9    Int: 14    God:
Gold:   63         SH:  0    Dex:  9    Spells: 10/10 levels left

rFire    . . .     SeeInvis +   a - +2 spear
rCold    . . .     Faith    .   (no shield)
rNeg     . . .     Spirit   .   d - +1 robe
rPois    +         Reflect  .   (no helmet)
rElec    .         Harm     .   (no cloak)
rCorr    .         Rampage  .   (no gloves)
Will     .....                  (no barding)
Stlth    +++.......             (no amulet)
HPRegen  0.17/turn              (no ring)
MPRegen  0.12/turn              (no ring)

@: mighty, slowed, very slow
A: AC +2, large, see invisible, deformed body, poison resistance, slowness 2,
spit poison 1, naga tail 1
a: Spit Poison


You were in a sewer.
You visited 1 branch of the dungeon, and saw 3 of its levels.
You also visited: Sewer.

You collected 63 gold pieces.

Inventory:

Hand Weapons
 a - a +2 spear (weapon)
Armour
 d - a +1 robe (worn)
Magical Staves
 i - a staff of air
Jewellery
 q - a ring of ice
Wands
 p - a wand of flame (19)
Scrolls
 b - 2 scrolls of teleportation
 g - a scroll of amnesia
Potions
 j - a potion of ambrosia
 k - 2 potions of attraction
 n - a potion of magic {unknown}
 o - 3 potions of brilliance
 r - a potion of cancellation {unknown}
 s - a potion of haste {unknown}
 t - a potion of resistance {unknown}
 u - a potion of invisibility {unknown}


   Skills:
 - Level 1.0 Fighting
 - Level 2.0 Maces & Flails
 - Level 1.0 Polearms
 - Level 1.5 Armour
 - Level 1.5 Dodging
 + Level 7.8 Stealth
 - Level 1.0 Shields
 + Level 2.9 Spellcasting


You had 10 spell levels left.
You didn't know any spells.
Your spell library contained the following spells:

 Spells                   Type           Power      Damage    Failure   Level
 Conjure Flame            Conj/Fire      2%         6-21      54%         3
 Ignite Poison            Fire/Tmut/Pois 2%         N/A       54%         3
 Sticky Flame             Conj/Fire      2%         2d3       91%         4


Dungeon Overview and Level Annotations

Branches:
Dungeon (3/15)              Sewer (1/1)

Altars:
Wu Jian

Annotations:
D:2 1 runed translucent door, Crazy Yiuf


Innate Abilities, Weirdness & Mutations

Your serpentine skin is tough. (AC +2)
You have supernaturally acute eyesight. (SInv)
Armour fits poorly on your strangely shaped body.
Your system is resistant to poisons. (rPois)
You cover ground very slowly.
You can spit poison.
You have a snake-like lower body.


Message History

The kobold brigand throws a curare-tipped dart.
The curare-tipped dart hits you.
You have difficulty breathing.
You feel yourself slow down.
The kobold brigand throws a curare-tipped dart.
The curare-tipped dart hits you.
You have difficulty breathing.
* * * LOW HITPOINT WARNING * * *
You feel as though you will be slow longer.
You have got your breath back.
Press: ? - help, Shift-Dir - straight line, f/p - kobold brigand
Aim: a kobold brigand, wielding a +0 whip and quivering curare-tipped darts The splash of poison misses the kobold brigand.
The kobold brigand hits you but does no damage.
Unknown command.
You hit the kobold brigand but do no damage.
The kobold brigand closely misses you. The kobold brigand barely misses you.
You barely miss the kobold brigand.
The kobold brigand hits you but does no damage.
You hit the kobold brigand.
The kobold brigand is lightly wounded.
You have got your breath back.
The kobold brigand hits you with a +0 whip.
* * * LOW HITPOINT WARNING * * *
The kobold brigand barely misses you.
You closely miss the kobold brigand.
The kobold brigand is lightly wounded.
The kobold brigand hits you but does no damage.
The kobold brigand hits you with a +0 whip!
* * * LOW HITPOINT WARNING * * *
You feel better.
The kobold brigand hits you but does no damage.
You feel very mighty all of a sudden.
The kobold brigand hits you with a +0 whip.
* * * LOW HITPOINT WARNING * * *
The kobold brigand hits you with a +0 whip.
* * * LOW HITPOINT WARNING * * *
Unknown command.
You puncture the kobold brigand!
The kobold brigand is severely wounded.
The kobold brigand hits you with a +0 whip!
You die...

≈≈≈≈≈≈≈≈≈≈≈≈≈≈≈≈≈≈≈≈≈≈≈ #
≈≈≈≈≈≈≈≈≈≈≈≈≈≈≈≈≈≈≈≈≈≈≈
.≈≈≈≈≈≈≈≈≈≈≈≈≈≈≈≈≈≈≈≈≈≈ #
..≈≈≈≈.≈## ≈≈≈≈≈≈≈≈≈≈≈ ≈#
.........####≈.≈≈≈≈≈≈≈ ≈≈#
...##.K...##...≈≈≈#######≈≈#
.)###...)......≈≈≈#..#..#≈≈#
...###...........)#....)#≈≈#
........####...K@))....##≈≈#
##.....## ###....#.)...#≈≈#
####### ######..#..#≈≈#
#######≈≈# ≈≈# ≈# ≈# #


You could see a kobold brigand.

Vanquished Creatures
  A kobold brigand (Sewer)
  8 river rats (Sewer)
  3 adders (Sewer)
  A worm (D:3)
  5 dart slugs
  7 endoplasms
  3 giant cockroaches
  2 hobgoblins
  2 jackals (D:1)
  16 kobolds
  2 quokkas (D:1)
  5 ball pythons
  5 bats
  10 frilled lizards
  4 goblins
  18 rats
92 creatures vanquished.

Vanquished Creatures (collateral kills)
  A frilled lizard (D:3)
1 creature vanquished.

Grand Total: 93 creatures vanquished

Notes
Turn   | Place    | Note
-------+----------+-------------------------------------------
     0 | D:1      | MajorAdolf the Naga Wanderer began the quest for the Orb.
     0 | D:1      | MajorAdolf set off with the following items: a +2 spear, a
                  | scroll of teleportation, a potion of lignification, a +0
                  | robe
     0 | D:1      | Reached XP level 1. HP: 18/18 MP: 1/1
   166 | D:1      | Reached skill level 2 in Stealth
   236 | D:1      | Reached skill level 3 in Stealth
   236 | D:1      | Reached XP level 2. HP: 25/25 MP: 2/2
   482 | D:1      | Reached skill level 4 in Stealth
   561 | D:1      | Reached XP level 3. HP: 30/31 MP: 3/3
   837 | D:1      | Reached skill level 5 in Stealth
  1389 | D:2      | Found an ornate altar of the Wu Jian Council.
  1478 | D:2      | Noticed a floating eye
  1480 | D:2      | Found a faded altar of an unknown god.
  1482 | D:2      | Noticed a great orb of eyes
  1486 | D:2      | Noticed a shining eye
  1486 | D:2      | Noticed a golden eye
  1712 | D:2      | Found a runed translucent door.
  1713 | D:2      | Noticed Crazy Yiuf
  2141 | D:3      | Reached XP level 4. HP: 38/38 MP: 4/4
  2232 | D:3      | Found a glowing drain.
  2263 | Sewer    | Entered a sewer
  2375 | Sewer    | Reached skill level 6 in Stealth
  2375 | Sewer    | Reached skill level 1 in Spellcasting
  3107 | Sewer    | Reached XP level 5. HP: 43/44 MP: 7/7
  3232 | Sewer    | Reached skill level 7 in Stealth
  3566 | Sewer    | Noticed a kobold brigand
  3566 | Sewer    | Noticed a kobold brigand
  3566 | Sewer    | Noticed a kobold brigand
  3566 | Sewer    | Noticed a kobold brigand
  4373 | Sewer    | Killed a kobold brigand
  4374 | Sewer    | Reached XP level 6. HP: 8/51 MP: 8/10
  4507 | Sewer    | HP: 2/51 [kobold brigand (5)]
  4508 | Sewer    | Slain by a kobold brigand

Illustrated notes

Levels and vault maps discovered:
D:1:      lightli_molten_gateway, layout_loops_cross
D:2:      layout_loops_ring, hellmonk_ecumenical_altar_watching_god,
          serial_forest, infiniplex_forest_lined_corner,
          infiniplex_forest_clump_tiny, infiniplex_forest_zigzag_1,
          infiniplex_forest_straight_3, infiniplex_forest_3_way,
          infiniplex_forest_straight_2, infiniplex_forest_straight_3,
          basic_altar, uniq_crazy_yiuf_cottage
D:3:      layout_basic, overflow_temple_1_default,
          cheibrodos_sewer_entry_sluice, uniq_natasha
Sewer:    sewer_minmay_treatment

Skill      XL: |  1  2  3  4  5 |
---------------+----------------+-----
Stealth        | 3 4 5 6 7 |  7.8
Spellcasting   | 1 2 |  2.9
Fighting       | |  1.0
Maces & Flails | |  2.0
Polearms       | |  1.0
Armour         | |  1.5
Dodging        | |  1.5
Shields        | |  1.0

Action                   |  1- 3 |  4- 6 || total
-------------------------+-------+-------++-------
Melee: Spear             |    78 |   143 ||   221
 Abil: Spit Poison       |    30 |    27 ||    57
  Use: Scroll            |    10 |     5 ||    15
       Potion            |       |     3 ||     3
 Stab: Sleeping          |     1 |     2 ||     3
       Distracted        |       |     1 ||     1
Armor: Robe              |    22 |    30 ||    52
       Skin              |       |    10 ||    10
Dodge: Dodged            |    29 |    71 ||   100
